 Dungeon Crawl Stone Soup version 0.22.1-2-g9c5b331383 (webtiles) character file.

8845 Marnok the Blocker (level 11, -4/94 HPs)
             Began as a Minotaur Fighter on Dec 27, 2018.
             Slain by an eight-headed hydra (5 damage)
             ... on level 2 of the Lair of Beasts.
             The game lasted 00:55:47 (9598 turns).

Marnok the Blocker (Minotaur Fighter)               Turns: 9598, Time: 00:55:48

Health: -4/94      AC: 21    Str: 24    XL:     11   Next: 15%
Magic:  10/10      EV:  2    Int:  5    God:
Gold:   851        SH:  0    Dex: 17    Spells: 10/10 levels left

rFire    . . .     SeeInvis .   t - +0 spear (flame)
rCold    . . .     Gourm    .   c - +0 shield
rNeg     + + +     Faith    .   C - +5 scale mail of Free Expression {Str+4}
rPois    ∞         Spirit   .   (helmet restricted)
rElec    .         Reflect  .   w - +2 cloak
rCorr    .         Harm     .   (no gloves)
MR       .....                  H - +0 pair of boots
Stlth    +.........             k - amulet of the acrobat
HPRegen  0.25/turn              h - +3 ring of protection
MPRegen  0.12/turn              r - +3 ring of dexterity

@: petrified
A: retaliatory headbutt, horns 2
a: no special abilities


You were on level 2 of the Lair of Beasts.
You were hungry.

You visited 2 branches of the dungeon, and saw 11 of its levels.
You also visited: Labyrinth, Sewer and Ossuary.

You collected 851 gold pieces.

Inventory:

Hand Weapons
 q - a +6 short sword
 t - a +0 spear of flaming (weapon)
 v - a +2 quarterstaff of chaos
 x - a +0 vampiric dagger
 B - a +0 shortbow
 J - the +6 short sword "Vuhimet" {pierce, rF- MR+ Int+2, unknown}
   (You found it in a labyrinth)

   It inflicts extra damage upon your enemies.
   It affects your intelligence (+2).
   It makes you vulnerable to fire.
   It affects your resistance to hostile enchantments.
 M - a +2 trident of freezing
Missiles
 N - 18 javelins (quivered)
Armour
 a - a +0 leather armour of poison resistance
 c - a +0 shield (worn)
 w - a +2 cloak (worn)
 C - the +5 scale mail of Free Expression (worn) {Str+4}
   (You found it on level 7 of the Dungeon)

   It affects your strength (+4).
 H - a +0 pair of boots (worn)
 O - a +0 large shield
 P - a cursed +0 plate armour
Jewellery
 d - a +3 ring of strength {unknown}
 h - a +3 ring of protection (left hand)
 k - an amulet of the acrobat (around neck)
 r - a +3 ring of dexterity (right hand)
 D - an uncursed amulet of regeneration {unknown}
 E - an uncursed ring of positive energy {unknown}
 F - an uncursed ring of stealth {unknown}
 T - an uncursed ring of protection from cold {unknown}
Wands
 b - a wand of flame (34)
 o - a wand of disintegration (17)
 y - a wand of digging (15)
 K - a wand of paralysis (11)
Scrolls
 e - 6 scrolls of remove curse
 i - a scroll of enchant weapon
 j - a scroll of fear
 l - 2 scrolls of immolation
 m - 4 scrolls of identify
 n - 2 scrolls of noise
 p - 2 scrolls of teleportation
 s - a scroll of amnesia
 G - a scroll of random uselessness {unknown}
Potions
 g - 2 potions of lignification
 u - 2 potions of flight
 z - 2 potions of agility
 A - a potion of magic
 I - 2 potions of haste
 L - a potion of mutation
 R - 2 potions of curing
 S - a potion of resistance {unknown}
Miscellaneous
 Q - a fan of gales
Comestibles
 f - 11 rations


   Skills:
 + Level 8.0 Fighting
 + Level 10.3(10.5) Short Blades
   Level 3.4(8.0) Long Blades
 + Level 1.1 Polearms
 + Level 9.3 Armour
 + Level 5.5 Dodging
 + Level 1.2 Stealth
 + Level 11.7 Shields
 + Level 0.1 Unarmed Combat


You had 10 spell levels left.
You didn't know any spells.
Your spell library contained the following spells:

 Spells                   Type           Power        Failure   Level  Hunger
 Animate Skeleton         Necr           N/A          86%         1    ##.....
 Apportation              Tloc           #.....       86%         1    ##.....
 Beastly Appendage        Tmut           #.....       86%         1    ##.....
 Confusing Touch          Hex            #.....       86%         1    ##.....
 Infusion                 Chrm           #...         86%         1    ##.....
 Magic Dart               Conj           #...         86%         1    ##.....
 Summon Small Mammal      Summ           #...         86%         1    ##.....
 Poisonous Vapours        Pois/Air       #.....       95%         2    ###....
 Searing Ray              Conj           #.....       95%         2    ###....
 Shroud of Golubria       Chrm/Tloc      #.........   95%         2    ###....
 Song of Slaying          Chrm           #.......     95%         2    ###....
 Sticks to Snakes         Tmut           #.......     95%         2    ###....
 Confuse                  Hex            #.......     99%         3    ####...
 Conjure Flame            Conj/Fire      #.......     99%         3    ####...
 Dazzling Spray           Conj/Hex       #.....       99%         3    ####...
 Gell's Gravitas          Tloc           #.........   99%         3    ####...
 Mephitic Cloud           Conj/Pois/Air  #.......     99%         3    ####...
 Regeneration             Chrm/Necr      #.........   99%         3    ####...
 Spectral Weapon          Hex/Chrm       #.......     99%         3    ####...
 Spider Form              Tmut/Pois      #.........   99%         3    ####...
 Cause Fear               Hex            #.........   100%        4    #####..
 Force Lance              Conj/Tloc      #.......     100%        4    #####..
 Fulminant Prism          Conj/Hex       #.........   100%        4    #####..
 Ice Form                 Ice/Tmut       #.......     100%        4    #####..
 Iskenderun's Mystic Bla  Conj           #.......     100%        4    #####..
 Petrify                  Tmut/Erth      #.......     100%        4    #####..
 Blade Hands              Tmut           #.........   100%        5    ######.
 Fireball                 Conj/Fire      #.........   100%        5    ######.
 Metabolic Englaciation   Hex/Ice        #.........   100%        5    ######.
 Silence                  Hex/Air        #.........   100%        5    ######.
 Yara's Violent Unravell  Hex/Tmut       #.........   100%        5    ######.
 Bolt of Fire             Conj/Fire      #.........   100%        6    #######
 Deflect Missiles         Chrm/Air       #.........   100%        6    #######
 Freezing Cloud           Conj/Ice/Air   #.........   100%        6    #######
 Ring of Flames           Chrm/Fire      #.........   100%        7    #######
 Discord                  Hex            #.........   100%        8    #######


Dungeon Overview and Level Annotations

Branches:
Dungeon (9/15)             Temple (0/1) D:7            Lair (2/6) D:8
  Swamp: Lair:2-4    Shoals: Lair:2-4     Snake: Lair:2-4    Spider: Lair:2-4
    Orc: D:9-12

Altars:
Kikubaaqudgha
Sif Muna
Xom

Annotations:
D:6 exclusion: oklob plant


Innate Abilities, Weirdness & Mutations

You reflexively headbutt those who attack you in melee.
You have a pair of horns on your head.


Message History

The eight-headed hydra bites you.
* * * LOW HITPOINT WARNING * * *
The eight-headed hydra bites you.
* * * LOW HITPOINT WARNING * * *
The eight-headed hydra bites you. The porcupine completely misses you.
The basilisk gazes at you.
The eight-headed hydra bites you but does no damage. x5
The eight-headed hydra bites you.
* * * LOW HITPOINT WARNING * * *
The eight-headed hydra bites you.
* * * LOW HITPOINT WARNING * * *
The eight-headed hydra bites you but does no damage.
The porcupine bites you!
* * * LOW HITPOINT WARNING * * *
The basilisk bites you but does no damage.
The eight-headed hydra barely misses you.
The eight-headed hydra bites you but does no damage.
The eight-headed hydra bites you!
You die...

.#..#
...#..#....###...
.....
...#P.................
.....
...#P.................
.....
............>.........
.....
..............####..
..... ...........†##
..... #..........#
..... ##...D......#
..... #...@r......##
.....
##....l.......###
.....
...............#..##.
....)
.....................
.....
.........#...........
...$.
.###P...P###.........
##...## #.........
#....# #.........
##... #.(.......


You could see an eight-headed hydra, a basilisk and a porcupine.

Vanquished Creatures
  A minotaur (Lab)
  2 orc sorcerers (D:7)
  3 black mambas (Lair:1)
  2 spiny frogs
  A komodo dragon (Lair:1)
  2 gargoyles (Lab)
  2 hippogriffs
  2 redbacks (Lab)
  A wyvern (Lair:2)
  2 hungry ghosts (Lab)
  A steam dragon (D:8)
  3 wargs
  4 water moccasins
  4 porcupines
  2 orc warriors (D:6)
  2 sky beasts (D:8)
  Purgy (Sewer)
  2 phantoms
  2 crocodiles
  A centaur (D:7)
  9 bullfrogs
  A wyvern zombie (D:7)
  A howler monkey (D:6)
  3 crimson imps
  2 human zombies (Ossuary)
  A bullfrog zombie (D:9)
  2 hounds
  3 orc wizards
  3 orc priests
  Crazy Yiuf (D:5)
  8 worker ants
  2 hound zombies
  4 mummies (Ossuary)
  6 gnolls
  5 adders
  A shadow imp (D:8)
  2 oozes (D:1)
  An adder zombie (Ossuary)
  4 worms (D:2)
  2 dart slugs (D:2)
  9 leopard geckos
  20 orcs
  12 bats
  4 giant cockroaches
  7 goblins
  10 hobgoblins
  8 jackals
  10 kobolds
  4 quokkas
  A ball python (D:1)
  2 frilled lizards
  A goblin zombie (Ossuary)
  A hobgoblin zombie (Ossuary)
  A kobold zombie (Ossuary)
  2 leopard gecko zombies
  An orc zombie (Ossuary)
  A quokka skeleton (D:7)
  A quokka zombie (D:6)
  7 rats
  5 rat zombies (Ossuary)
208 creatures vanquished.

Vanquished Creatures (others)
  A fungus (Lair:1)
1 creature vanquished.

Grand Total: 209 creatures vanquished

Notes
Turn   | Place    | Note
-------+----------+-------------------------------------------
     0 | D:1      | Marnok the Minotaur Fighter began the quest for the Orb.
     0 | D:1      | Reached XP level 1. HP: 19/19 MP: 0/0
    13 | D:1      | Reached XP level 2. HP: 27/27 MP: 1/1
   186 | D:1      | Reached skill level 4 in Shields
   241 | D:2      | Reached XP level 3. HP: 30/33 MP: 2/2
   560 | D:2      | Reached XP level 4. HP: 38/41 MP: 3/3
  1440 | D:4      | Reached skill level 5 in Shields
  1440 | D:4      | Reached XP level 5. HP: 44/47 MP: 4/4
  1588 | D:5      | Entered Level 5 of the Dungeon
  1752 | D:5      | Reached skill level 1 in Short Blades
  1793 | D:5      | Found a glowing drain.
  1804 | Sewer    | Entered a sewer
  1855 | Sewer    | Noticed Purgy
  1864 | Sewer    | Killed Purgy
  1864 | Sewer    | Reached XP level 6. HP: 48/53 MP: 5/5
  2258 | D:5      | Found a runed door.
  2262 | D:5      | Noticed Crazy Yiuf
  2267 | D:5      | Killed Crazy Yiuf
  2313 | D:5      | Reached skill level 5 in Armour
  2353 | D:4      | Reached skill level 6 in Shields
  2689 | D:3      | You fall through a shaft for 3 floors!
  2693 | D:6      | Noticed an orc warrior
  2712 | D:6      | Reached XP level 7. HP: 50/60 MP: 6/6
  2715 | D:6      | Reached skill level 1 in Dodging
  2728 | D:6      | Reached skill level 5 in Fighting
  2899 | D:7      | Got a heavily runed scale mail
  3031 | D:7      | Noticed an orc sorcerer
  3031 | D:7      | Noticed an orc sorcerer
  3041 | D:7      | Noticed a hellwing
  3045 | D:7      | Noticed a smoke demon
  3046 | D:7      | Noticed a chaos spawn
  3050 | D:7      | Killed an orc sorcerer
  3050 | D:7      | Reached skill level 5 in Short Blades
  3050 | D:7      | Reached skill level 7 in Shields
  3050 | D:7      | Reached XP level 8. HP: 46/70 MP: 7/7
  3054 | D:7      | Killed an orc sorcerer
  3054 | D:7      | Reached skill level 8 in Shields
  3244 | D:7      | Found a sand-covered staircase.
  3250 | Ossuary  | Entered an ossuary
  3458 | Ossuary  | Identified the +5 scale mail of Free Expression {Str+4}
                  | (You found it on level 7 of the Dungeon)
  3739 | D:6      | Reached XP level 9. HP: 78/78 MP: 8/8
  3869 | D:6      | Found a deep blue altar of Sif Muna.
  3869 | D:6      | Noticed an oklob plant
  4016 | D:5      | Found a shimmering altar of Xom.
  4343 | D:5      | Found an ancient bone altar of Kikubaaqudgha.
  4946 | D:7      | Found a staircase to the Ecumenical Temple.
  4995 | D:8      | Found a staircase to the Lair.
  5007 | D:7      | Reached skill level 9 in Shields
  6047 | D:8      | Identified the Collected Works on the Warped Arsonist
  6256 | Lair:1   | Entered Level 1 of the Lair of Beasts
  6279 | Lair:1   | Noticed a black mamba
  6290 | Lair:1   | Killed a black mamba
  6290 | Lair:1   | Reached skill level 10 in Shields
  6290 | Lair:1   | Reached XP level 10. HP: 78/84 MP: 9/9
  6425 | Lair:1   | Noticed a black mamba
  6440 | Lair:1   | Killed a black mamba
  6490 | Lair:1   | Noticed a four-headed hydra
  6491 | Lair:1   | Noticed a black mamba
  6846 | Lair:1   | Killed a black mamba
  6935 | Lair:1   | Noticed a spiny frog
  6944 | Lair:1   | Killed a spiny frog
  6944 | Lair:1   | Reached skill level 1 in Stealth
  7045 | Lair:2   | Found a labyrinth entrance.
  7054 | Lab      | Entered a labyrinth
  7875 | Lab      | Reached skill level 11 in Shields
  8075 | Lab      | Reached skill level 5 in Dodging
  8140 | Lab      | Noticed a gargoyle
  8160 | Lab      | Killed a gargoyle
  8181 | Lab      | Noticed a gargoyle
  8193 | Lab      | Killed a gargoyle
  8193 | Lab      | Reached skill level 10 in Short Blades
  8193 | Lab      | Reached skill level 1 in Polearms
  8994 | Lab      | Noticed a minotaur
  9007 | Lab      | Killed a minotaur
  9007 | Lab      | Reached XP level 11. HP: 52/94 MP: 10/10
  9247 | Lab      | Got an ivory short sword
  9517 | Lair:2   | Noticed an eight-headed hydra
  9598 | Lair:2   | HP: 1/94 [porcupine (5)]
  9598 | Lair:2   | Slain by an eight-headed hydra

Skill      XL: |  1  2  3  4  5  6  7  8  9 10 11 |
---------------+----------------------------------+-----
Armour         | 4 5 6 7 9 |  9.3
Fighting       | 4 5 6 7 8 |  8.0
Shields        | 4 5 6 7 8 10 11 | 11.7
Long Blades    | 3 |  3.4
Short Blades   | 2 3 5 6 8 10 | 10.3
Dodging        | 2 3 4 5 |  5.5
Stealth        | 1 |  1.2
Polearms       | 1 |  1.1
Unarmed Combat | |  0.1

Action                   |  1- 3 |  4- 6 |  7- 9 | 10-12 || total
-------------------------+-------+-------+-------+-------++-------
Melee: Long sword        |    43 |     2 |       |       ||    45
       Headbutt          |     5 |    34 |    68 |    57 ||   164
       Short sword       |       |   187 |   260 |   137 ||   584
       Unarmed           |       |     2 |       |       ||     2
       Spear             |       |       |       |    18 ||    18
Evoke: Wand              |       |       |       |     2 ||     2
  Use: Potion            |     1 |     2 |     6 |     6 ||    15
       Scroll            |       |     7 |    12 |     3 ||    22
  Eat: Chunk             |       |     5 |     2 |     2 ||     9
       Ration            |       |       |     3 |     3 ||     6
Armor: Scale mail        |    29 |    59 |    85 |    74 ||   247
Dodge: Dodged            |    25 |    71 |   103 |    82 ||   281
Block: Shield            |    25 |   107 |   187 |   100 ||   419
       Rpst.: Long sword |     5 |       |       |       ||     5
